 Dungeon Crawl Stone Soup version 0.31.0-12-g77e489cdc1 (webtiles) character file.

Game seed: 1229964870322407131

12350 Doomgape the Grappler (level 11, -2/115 HPs)
             Began as a Troll Fighter on Feb 21, 2024.
             Was a High Priest of Okawaru.
             Slain by a catoblepas (27 damage)
             ... on level 1 of the Lair of Beasts on Feb 22, 2024.
             The game lasted 00:25:37 (8052 turns).

Doomgape the Grappler (Troll Fighter)               Turns: 8052, Time: 00:25:38

Health: -2/115     AC:  7    Str: 30    XL:     11   Next: 61%
Magic:  23/23      EV: 11    Int:  4    God:    Okawaru [*****.]
Gold:   450        SH:  0    Dex:  9    Spells: 10/10 levels left

rFire   . .          .
                       - Unarmed
rCold   + . .        (no shield)
rNeg    . . .        H - +0 steam dragon scales
rPois   .            (helmet restricted)
rElec   .            (no cloak)
rCorr   .            (gloves unavailable)
SInv    +            (boots unavailable)
Will    +....        (no amulet)
Stlth   +            m - ring of see invisible
HPRegen 1.19/turn    C - ring "Celuu" {rC+ Will+ MP+9}
MPRegen 0.18/turn

%: no passive effects
@: no status effects
A: large, unfitting armour, claws 3, regeneration 1, shaggy fur 1, tough skin 1
a: Renounce Religion, Heroism, Finesse, Duel


You were on level 1 of the Lair of Beasts.
You worshipped Okawaru.
Okawaru was extremely pleased with you.
You visited 3 branches of the dungeon, and saw 11 of its levels.

You collected 450 gold pieces.

Inventory:

Missiles
 F - 3 silver javelins (quivered)
Armour
 a - a +0 robe
 b - a +1 kite shield
 p - +0 acid dragon scales
 H - +0 steam dragon scales (worn)
Magical Staves
 A - the staff of Income {+Blink Fly rN+ Str+3 Necro}
   (You took it off a kobold brigand on level 8 of the Dungeon)

   [staff of death]

   Base accuracy: +5 Base damage: 5 Base attack delay: 1.2 This weapon's minimum
   attack delay (0.6) is reached at skill level 12.
   Str+3:     It affects your strength (+3).
   rN+:       It protects you from negative energy.
   Fly:       It grants you flight.
   +Blink:    It lets you blink.
   Necro:     It increases the power of your Necromancy spells.
   It falls into the 'Staves' category.
   It is a one-clawed weapon.
Jewellery
 m - a ring of see invisible (left claw)
 v - a +4 ring of protection
 y - a +5 ring of evasion
 z - a ring of positive energy
 C - the ring "Celuu" (right claw) {rC+ Will+ MP+9}
   (You took it off an orc on level 9 of the Dungeon)

   [ring of magical power]

   rC+:       It protects you from cold.
   Will+:     It increases your willpower.
   MP+9:      It affects your magic capacity (+9).
 E - an amulet of guardian spirit
 G - a +5 ring of evasion
Wands
 d - a wand of digging (2)
 l - a wand of light (6)
 x - a wand of polymorph (14)
 I - a wand of flame (9)
Scrolls
 e - 5 scrolls of vulnerability
 f - 4 scrolls of blinking
 k - 7 scrolls of identify
 q - 5 scrolls of teleportation
 r - a scroll of silence
 s - a scroll of poison
 D - 2 scrolls of brand weapon
Potions
 c - a potion of might
 g - 3 potions of curing {unknown}
 h - 2 potions of brilliance {unknown}
 i - 3 potions of haste {unknown}
 j - 4 potions of berserk rage {unknown}
 n - a potion of resistance {unknown}
 o - a potion of mutation {unknown}
 t - a potion of enlightenment {unknown}
 u - 2 potions of ambrosia {unknown}
 w - 2 potions of lignification {unknown}
 B - 2 potions of attraction {unknown}


   Skills:
 - Level 9.3 Fighting
 + Level 1.5 Armour
 - Level 7.7 Dodging
 - Level 3.2 Shields
 + Level 10.9 Unarmed Combat
 + Level 5.6 Invocations


You had 10 spell levels left.
You didn't know any spells.
Your spell library contained the following spells:

 Spells                   Type           Power      Damage    Failure   Level
 Apportation              Tloc           0%         N/A       50%         1
 Ensorcelled Hibernation  Hex/Ice        0%         N/A       65%         2
 Jinxbite                 Hex            0%         N/A       65%         2
 Scorch                   Fire           0%         2d5       65%         2
 Dazzling Flash           Conj/Hex       0%         N/A       86%         3
 Mephitic Cloud           Conj/Alch/Air  0%         N/A       86%         3
 Passwall                 Erth           0%         N/A       86%         3
 Swiftness                Air            0%         N/A       86%         3
 Flame Wave               Conj/Fire      0%         2d4       99%         4
 Alistair's Intoxication  Alch           0%         N/A       100%        5
 Curse of Agony           Necr           0%         N/A       100%        5
 Silence                  Hex/Air        0%         N/A       100%        5
 Sculpt Simulacrum        Ice/Alch       Unusable   N/A       N/A         6
 Summon Cactus Giant      Summ           Unusable   N/A       N/A         6

Dungeon Overview and Level Annotations

Branches:
Dungeon (9/15)             Temple (1/1) D:7            Lair (1/5) D:9
    Orc (0/2) D:9

Altars:
Ashenzari
Cheibriados
Dithmenos
Elyvilon
Fedhas
Gozag
Hepliaklqana
Kikubaaqudgha
Makhleb
Nemelex Xobeh
Okawaru
Qazlal
Ru
Trog
Uskayaw
Vehumet
Wu Jian
Xom
Yredelemnul
The Shining One

Annotations:
D:3 2 transporters


Innate Abilities, Weirdness & Mutations

You are too large for most types of armour.
You have claws for hands.
Your natural rate of healing is unusually fast.
You are covered in fur. (AC +1)
You have tough skin. (AC +1)


Message History

The catoblepas gores you!
You scratch the catoblepas but do no damage.
The catoblepas is almost dead.
The catoblepas gores you!
You scratch the catoblepas but do no damage.
The catoblepas is almost dead.
The catoblepas breathes a plume of calcifying dust at you.
The blast of calcifying dust hits you.
You scratch the catoblepas.
The catoblepas is almost dead.
You are engulfed in calcifying dust.
You are slowing down.
Unknown command.
Unknown command.
The catoblepas gores you. The catoblepas barely misses you.
Your limbs are stiffening.
You claw the catoblepas!
The catoblepas is almost dead.
The catoblepas gores you!
You have turned to stone.
The catoblepas gores you! x2
The catoblepas gores you. The catoblepas gores you.
The catoblepas breathes a plume of calcifying dust at you.
The blast of calcifying dust hits you!
You are engulfed in calcifying dust.
The catoblepas breathes a plume of calcifying dust at you.
The blast of calcifying dust hits you.
You are engulfed in calcifying dust.
The catoblepas breathes a plume of calcifying dust at you.
The blast of calcifying dust hits you.
You turn to flesh and can move again.
Unknown command.
The catoblepas gores you!!
* * * LOW HITPOINT WARNING * * *
Unknown command.
Unknown command.
You scratch the catoblepas.
The catoblepas is almost dead.
The catoblepas gores you!!
You die...

.#....# #... #...#
......########P..##
.................#
.................#
.........#######.#
##.......## #..#
#........# .>#
#.......#### #.#
#.......##.####@######
#..........§.§..Y....#
############.#.#######
#####


You could see a catoblepas.

Vanquished Creatures
  A boulder beetle (D:9)
  A centaur warrior (D:9)
  A harpy (shapeshifter) (D:9)
  A cyclops (D:9)
  A manticore (D:9)
  An ugly thing (D:9)
  Joseph (D:8)
  A torpor snail (Lair:1)
  A cane toad (Lair:1)
  Grinder (D:3)
  15 yaks
  A wyvern (D:8)
  A wraith (D:9)
  Eustachio (D:4)
  A warg (D:8)
  2 steam dragons (D:9)
  A vampire mosquito (D:9)
  4 acid dragons
  Duvessa (D:7)
  A water moccasin (Lair:1)
  An ice beast (D:5)
  8 orc warriors
  2 sky beasts
  4 black bears
  2 wolves (Lair:1)
  3 ogres
  2 centaurs
  2 phantoms (D:5)
  5 kobold brigands
  2 bullfrogs
  2 scorpions (D:6)
  12 wights
  Dowan (D:7)
  7 killer bees (D:9)
  2 howler monkeys
  Crazy Yiuf (D:2)
  4 hounds
  3 jellies
  A gnoll bouda (D:7)
  4 orc priests
  4 sleepcaps
  3 iguanas
  11 orc wizards
  9 gnolls
  11 adders
  2 dart slugs
  A ribbon worm (D:4)
  34 orcs
  2 ball pythons
  7 endoplasms
  6 giant cockroaches
  8 goblins
  9 hobgoblins
  8 jackals
  19 kobolds
  2 quokkas
  A bat (D:2)
  3 frilled lizards
  7 rats
253 creatures vanquished.

Vanquished Creatures (others)
  2 orc warriors (D:9)
  A gnoll bouda (D:9)
3 creatures vanquished.

Grand Total: 256 creatures vanquished

Notes
Turn   | Place    | Note
-------+----------+-------------------------------------------
     0 | D:1      | Doomgape the Troll Fighter began the quest for the Orb.
     0 | D:1      | Reached XP level 1. HP: 22/22 MP: 0/0
   107 | D:1      | Reached XP level 2. HP: 29/29 MP: 1/1
   293 | D:1      | Got Yrieroy's Commentary on Bright Toxicants
   375 | D:1      | Reached XP level 3. HP: 36/36 MP: 2/2
   748 | D:2      | Found a faded altar of an unknown god.
   833 | D:2      | Reached XP level 4. HP: 44/44 MP: 3/3
  1311 | D:2      | Found a runed translucent door.
  1312 | D:2      | Noticed Crazy Yiuf
  1480 | D:2      | Killed Crazy Yiuf
  1481 | D:2      | Reached skill level 3 in Unarmed Combat
  1620 | D:3      | Noticed Grinder
  1640 | D:3      | Killed Grinder
  1641 | D:3      | Reached XP level 5. HP: 48/54 MP: 4/4
  1641 | D:3      | Reached XP level 6. HP: 56/62 MP: 5/5
  1668 | D:3      | Found a transporter.
  1676 | D:3      | Noticed a kobold demonologist
  1740 | D:3      | Reached skill level 4 in Unarmed Combat
  2033 | D:3      | Found a transporter.
  2203 | D:4      | Noticed Eustachio
  2214 | D:4      | Killed Eustachio
  2252 | D:4      | Reached XP level 7. HP: 49/70 MP: 6/6
  2363 | D:4      | Found an iron altar of Okawaru.
  2382 | D:4      | Became a worshipper of Warmaster Okawaru
  3196 | D:5      | Entered Level 5 of the Dungeon
  3257 | D:5      | Reached skill level 5 in Unarmed Combat
  3546 | D:5      | Reached * piety under Okawaru
  3547 | D:5      | Reached skill level 5 in Fighting
  3547 | D:5      | Reached XP level 8. HP: 74/80 MP: 7/7
  3577 | D:5      | Reached skill level 5 in Dodging
  3735 | D:5      | Found a bloodstained altar of Trog.
  4143 | D:6      | Reached skill level 6 in Unarmed Combat
  4406 | D:6      | Reached ** piety under Okawaru
  4922 | D:7      | Reached XP level 9. HP: 80/88 MP: 8/8
  4924 | D:7      | Reached skill level 7 in Unarmed Combat
  4975 | D:7      | Found a staircase to the Ecumenical Temple.
  4985 | Temple   | Entered the Ecumenical Temple
  5301 | D:7      | Noticed Duvessa
  5304 | D:7      | Noticed Dowan
  5311 | D:7      | Killed Duvessa
  5311 | D:7      | Reached *** piety under Okawaru
  5337 | D:7      | Killed Dowan
  5591 | D:8      | Noticed Joseph
  5607 | D:8      | Killed Joseph
  5608 | D:8      | Reached skill level 8 in Unarmed Combat
  5765 | D:8      | Reached **** piety under Okawaru
  5824 | D:8      | Reached XP level 10. HP: 102/102 MP: 9/9
  6311 | D:8      | Identified the staff of Income {+Blink Fly rN+ Str+3 Necro}
  6395 | D:9      | Found a staircase to the Orcish Mines.
  6461 | D:9      | Found a shimmering altar of Xom.
  6497 | D:9      | Reached skill level 9 in Unarmed Combat
  6611 | D:9      | Reached skill level 1 in Invocations
  6656 | D:9      | Reached ***** piety under Okawaru
  6778 | D:9      | Found a staircase to the Lair.
  6813 | D:9      | Noticed a centaur warrior
  6816 | D:9      | Noticed a manticore
  6833 | D:9      | Noticed a white ugly thing
  6834 | D:9      | Killed a centaur warrior
  6849 | D:9      | Killed a manticore
  6857 | D:9      | Killed a white ugly thing
  6858 | D:9      | Reached skill level 10 in Unarmed Combat
  6858 | D:9      | Reached XP level 11. HP: 68/113 MP: 10/12
  6861 | D:9      | an unseen horror changed into a harpy
  6861 | D:9      | Noticed a harpy (shapeshifter)
  6869 | D:9      | Killed a harpy
  6953 | D:9      | Received a gift from Okawaru
  6953 | D:9      | Noticed a boulder beetle
  6961 | D:9      | Identified the ring "Celuu" {rC+ Will+ MP+9}
  6973 | D:9      | Killed a boulder beetle
  7406 | D:9      | Found a white marble altar of Elyvilon.
  7411 | D:9      | Found a sparkling altar of Nemelex Xobeh.
  7411 | D:9      | Found a radiant altar of Vehumet.
  7412 | D:9      | Found a sacrificial altar of Ru.
  7412 | D:9      | Found an ornate altar of the Wu Jian Council.
  7415 | D:9      | Found a basalt altar of Yredelemnul.
  7416 | D:9      | Found a burning altar of Makhleb.
  7589 | Lair:1   | Entered Level 1 of the Lair of Beasts
  7790 | Lair:1   | Reached skill level 5 in Invocations
  7892 | Lair:1   | Reached skill level 1 in Armour
  8024 | Lair:1   | Noticed a catoblepas
  8052 | Lair:1   | Slain by a catoblepas

Illustrated notes

Levels and vault maps discovered:
D:1:      scummos_arrival_star, layout_loops_ring
D:2:      layout_rooms, shapermc_ecumenical_altar_notcrosses,
          minmay_door_square, uniq_crazy_yiuf_cottage
D:3:      gammafunk_wand_slinger, layout_basic, hangedman_decor_opposing,
          guppyfry_early_orc_mine, uniq_grinder
D:4:      layout_basic, okawaru_trees_2, uniq_eustachio
D:5:      layout_loops_ring, lemuel_coloured_pillars_altar,
          grunt_decor_arrowhead, minivault_11
D:6:      layout_loops_ring, minmay_misc_feat_plants, st_stairs_10,
          columned_hall_lemuel
D:7:      layout_loops_ring, minmay_temple_entry_large_hall, st_stairs_5,
          uniq_duvessa
D:8:      layout_gridville, hangedman_decor_growths, serial_park_tiny_pond,
          uniq_joseph
D:9:      minmay_the_grid_octo_triangle [minmay_the_grid_octo_tetromino_candy,
          minmay_the_grid_octo_prize_ultimate_mussel_roller,
          minmay_the_grid_octo_fat_diamond], layout_loops_ring, minitemple,
          xom_confusion_cloud, david_orc_3
Temple:   eino_wide_crystal_templ
Lair:1:   layout_small_grid, kennysheep_snail_temple

Skill      XL: |  1  2  3  4  5  6  7  8  9 10 11 |
---------------+----------------------------------+-----
Shields        | 3 |  3.2
Fighting       | 3 4 5 6 7 8 9 |  9.3
Dodging        | 3 4 6 7 |  7.7
Unarmed Combat | 3 4 5 6 8 10 | 10.9
Invocations    | 3 5 |  5.6
Armour         | 1 |  1.5

Action                     |  1- 3 |  4- 6 |  7- 9 | 10-12 || total
---------------------------+-------+-------+-------+-------++-------
  Melee: Unarmed           |    85 |   113 |   309 |   291 ||   798
         Punch             |       |       |       |     2 ||     2
 Invoke: Heroism           |       |       |       |     2 ||     2
  Evoke: Wand              |       |       |     5 |     6 ||    11
    Use: Scroll            |     1 |     3 |     5 |     2 ||    11
   Stab: Sleeping          |       |     1 |       |       ||     1
         Invisible         |       |       |     1 |     1 ||     2
 Armour: Robe              |    41 |    47 |    96 |       ||   184
         Acid dragon scale |       |       |    72 |   135 ||   207
         Skin              |       |       |     5 |       ||     5
         Steam dragon scal |       |       |       |    58 ||    58
  Dodge: Dodged            |    20 |    32 |    79 |   115 ||   246
  Block: Kite shield       |    28 |    38 |    97 |    89 ||   252
